 Dungeon Crawl Stone Soup version 0.31.0-32-g396128a36d (webtiles) character file.

Game seed: 16207616723042229637

37 PriceMaster the Sneak (level 3, 0/16 HPs)
             Began as a Vine Stalker Enchanter on Mar 26, 2024.
             Splashed by a jelly's acid (5 damage)
             ... on level 3 of the Dungeon.
             The game lasted 00:01:40 (1520 turns).

PriceMaster the Sneak (Vine Stalker Enchanter)      Turns: 1520, Time: 00:01:41

Health: 0/16       AC: -3    Str: 10    XL:     3   Next: 39%
Magic:  0/17       EV: 12    Int: 22    God:
Gold:   72         SH:  0    Dex: 14    Spells: 4/6 levels left

rFire   . . .        f - +1 dagger (freeze)
rCold   . . .        (no shield)
rNeg    . . .        b - +0 robe
rPois   .            d - +3 hat of Pondering {ponderous, Will+ MP+10 Int+5}
rElec   .            (no cloak)
rCorr   .            (no gloves)
SInv    .            (no boots)
Will    +....        (no amulet)
Stlth   +++          (no ring)
HPRegen 1.02/turn    (no ring)
MPRegen 0.15/turn

%: guardian spirit
@: corroded, invisible, slow
A: fangs 2, regeneration 1, magic shield, antimagic bite, no potion heal 2
a: no special abilities


You were on level 3 of the Dungeon.
You visited 1 branch of the dungeon, and saw 3 of its levels.

You collected 72 gold pieces.

Inventory:

Hand Weapons
 a - a +1 dagger
 f - a +1 dagger of freezing (weapon)
Armour
 b - a +0 robe (worn)
 d - the +3 hat of Pondering (worn) {ponderous, Will+ MP+10 Int+5}
   (You acquired it on level 1 of the Dungeon)

   Int+5:     It affects your intelligence (+5).
   Will+:     It increases your willpower.
   MP+10:     It affects your magic capacity (+10).
Scrolls
 e - a scroll of fog {unknown}
 g - 2 scrolls of teleportation {unknown}
 h - 3 scrolls of identify {unknown}
 i - a scroll of noise {unknown}
 j - 2 scrolls of immolation {unknown}
 l - a scroll of silence {unknown}
 m - a scroll of amnesia {unknown}
Potions
 c - a potion of invisibility
 k - a potion of attraction {unknown}
 n - a potion of mutation {unknown}
 o - a potion of cancellation {unknown}


   Skills:
 + Level 1.1 Short Blades
 + Level 2.0 Dodging
 * Level 4.3 Stealth
 + Level 2.4 Spellcasting
 + Level 3.2 Hexes


You had 4 spell levels left.
You knew the following spells:

 Your Spells              Type           Power      Damage    Failure   Level
a - Ensorcelled Hibernat  Hex/Ice        18%        N/A       11%         2

Your spell library contained the following spells:

 Spells                   Type           Power      Damage    Failure   Level
 Confusing Touch          Hex            16%        N/A       11%         3
 Tukima's Dance           Hex            16%        N/A       11%         3
 Mercury Vapours          Alch/Air       4%         N/A       21%         2
 Dazzling Flash           Conj/Hex       18%        N/A       21%         3
 Mephitic Cloud           Conj/Alch/Air  2%         N/A       36%         3
 Freezing Cloud           Conj/Ice/Air   1%         6-21      98%         5


Dungeon Overview and Level Annotations

Branches:
Dungeon (3/15)

Altars:
Uskayaw


Innate Abilities, Weirdness & Mutations

You have extremely sharp teeth.
Your natural rate of healing is unusually fast.
When hurt, damage is shared between your health and your magic reserves.
Your bite disrupts and absorbs the magic of your enemies.
Potions cannot restore your health.


Message History

You enter the shallow water.
Moving in this stuff is going to be slow.
You enter the shallow water.
Moving in this stuff is going to be slow.
You enter the shallow water.
Moving in this stuff is going to be slow.
You enter the shallow water.
Moving in this stuff is going to be slow.
You enter the shallow water.
Moving in this stuff is going to be slow.
You enter the shallow water.
Moving in this stuff is going to be slow.
Partly explored, can't reach some places.
Partly explored, can't reach some places.
Partly explored, can't reach some places.
Partly explored, can't reach some places.
No target in view!
You see here a +0 sling.
There is a stone staircase leading down here.
You climb downwards.
Found a scroll labelled ESEAJ TEDIMUIZ.
There is a stone staircase leading up here.
A jelly is nearby!
A jelly is nearby!
A jelly is nearby!
You hit the jelly. You freeze the jelly. The acid corrodes you!
Your hands burn!
You bite the jelly. You drain its power.
You feel invigorated.
The jelly is severely wounded.
The jelly hits you.
You are splashed with acid!
The jelly resists with significant effort.
The jelly closely misses you.
You hit the jelly but do no damage. The acid corrodes you!
Your hands burn!
You bite the jelly, but do no damage.
The jelly is severely wounded.
The jelly hits you.
You are splashed with acid!
* * * LOW HITPOINT WARNING * * *
You are too injured to fight recklessly!
You fade into invisibility!
The jelly hits you.
You are splashed with acid!
You die...

#. ## .... .#.
.. #.
..####.#######
.......<.....#
######.......#
#...@...#
#....J..#
#.......#
#.......#
#.........
####.....##
......#
..#...#


You could see a jelly.

Vanquished Creatures
  An adder (D:2)
  A ribbon worm (D:2)
  2 ball pythons (D:1)
  2 endoplasms
  A giant cockroach (D:1)
  4 goblins
  4 hobgoblins (D:1)
  A kobold (D:1)
  2 quokkas
  A frilled lizard (D:2)
  2 rats
21 creatures vanquished.

Notes
Turn   | Place    | Note
-------+----------+-------------------------------------------
     0 | D:1      | PriceMaster the Vine Stalker Enchanter began the quest for
                  | the Orb.
     0 | D:1      | Reached XP level 1. HP: 9/9 MP: 4/4
   109 | D:1      | Identified a scroll of acquirement
   109 | D:1      | Acquired the +3 hat of Pondering {ponderous, Will+ MP+10
                  | Int+5}
   109 | D:1      | Found the +3 hat of Pondering {ponderous, Will+ MP+10
                  | Int+5}
   177 | D:1      | Reached skill level 4 in Stealth
   177 | D:1      | Reached XP level 2. HP: 13/13 MP: 6/6
   274 | D:1      | Reached skill level 1 in Short Blades
   536 | D:1      | Learned a level 2 spell: Ensorcelled Hibernation
   602 | D:2      | Reached XP level 3. HP: 16/16 MP: 7/7
  1242 | D:2      | Found a hide-covered altar of Uskayaw.
  1520 | D:3      | Splashed by a jelly's acid

Illustrated notes

Levels and vault maps discovered:
D:1:      lightli_arrival_boilingwater, layout_rooms
D:2:      layout_basic, basic_altar, chequers_big_river
D:3:      layout_loops_cross, gammafunk_ghost_necromancy

Skill      XL: |  1  2 |
---------------+-------+-----
Stealth        | 4 |  4.3
Short Blades   | 1 |  1.1
Dodging        | 2 |  2.0
Spellcasting   | |  2.4
Hexes          | |  3.2

Action                     || total
---------------------------++-------
  Melee: Dagger            ||    74
         Bite              ||    20
         Punch             ||     1
   Cast: Ensorcelled Hiber ||     3
    Use: Scroll            ||     1
         Potion            ||     1
   Stab: Sleeping          ||     2
 Armour: Robe              ||    40
  Dodge: Dodged            ||    46
